NYP
LOS ANGELES (NYP) ANGELS @ STATEN ISLAND YANKEES
09/18/2044
 
TOP OF THE 1ST
Los Angeles (NYP) Angels batting - Pitching for Staten Island Yankees : RHP Isaiah Caldwell
Pitching: RHP Isaiah Caldwell
Batting: RHB Randy Grewe 0-0: Ball
1-0: Foul Ball, location: 2F
1-1: Swinging Strike
1-2: TRIPLE (Flyball, 78XD, EV 101.3 MPH)
Batting: RHB Steve Hasson 0-0: Ball
1-0: Ball
2-0: Ball
3-0: Base on Balls
Batting: RHB Jon Griffin 0-0: Ball
Steve Hasson steals 2nd base
1-0: 3-RUN HOME RUN (Flyball, 7LD, EV 96.3 MPH), Distance : 334 ft
Batting: SHB Conor Davies 0-0: SINGLE (Line Drive, 8LM, EV 102.5 MPH)
Batting: RHB Jeff Long 0-0: Fielders Choice at 2nd, 3-6 (Groundball, 34, EV 87.5 MPH)
Batting: RHB Tsega Haida 0-0: Called Strike
0-1: Ball
1-1: Called Strike
Jeff Long steals 2nd base
1-2: Ball
2-2: Strikes out looking
Batting: RHB Jason Habeck 0-0: Called Strike
0-1: Called Strike
0-2: Ball
1-2: Ball
2-2: Foul Ball, location: 2F
2-2: Fly out, F4 (Popup, 4, EV 66.3 MPH)
Top of the 1st over - 3 runs, 3 hits, 0 errors, 1 left on base; Los Angeles (NYP) 3 - Staten Island 0
BOTTOM OF THE 1ST
Staten Island Yankees batting - Pitching for Los Angeles (NYP) Angels : LHP Jon Curtis
Pitching: LHP Jon Curtis
Batting: RHB Gustavo Amparo 0-0: Ball
1-0: Called Strike
1-1: Ball
2-1: Ground out 5-3 (Groundball, 5, EV 98.8 MPH)
Batting: RHB Tony Saenz 0-0: Foul Ball, location: 2F
0-1: Ball
1-1: Ground out 4-3 (Groundball, 4, EV 105.6 MPH)
Pitching: RHP Kevin Greene
Batting: RHB Andres Valles 0-0: Ball
1-0: Ball
2-0: Ball
3-0: Base on Balls
Batting: LHB Ben Roth 0-0: Ball
1-0: Foul Ball, location: 2F
1-1: Swinging Strike
1-2: Foul Ball, location: 2F
1-2: Fly out, F4 (Flyball, 34D, EV 88.8 MPH)
Bottom of the 1st over - 0 runs, 0 hits, 0 errors, 1 left on base; Los Angeles (NYP) 3 - Staten Island 0
TOP OF THE 2ND
Los Angeles (NYP) Angels batting - Pitching for Staten Island Yankees : RHP Isaiah Caldwell
Batting: RHB David Kunze 0-0: Called Strike
0-1: Ground out 6-3 (Groundball, 6M, EV 78.8 MPH)
Batting: RHB Zach Robbins 0-0: Called Strike
0-1: Called Strike
0-2: Hit by Pitch
Batting: RHB Randy Grewe 0-0: Foul Ball, location: 2F
0-1: Called Strike
0-2: Strikes out swinging
Batting: RHB Steve Hasson 0-0: Foul Ball, location: 2F
0-1: Called Strike
0-2: TRIPLE (Line Drive, 9LD, EV 108.1 MPH)
Zach Robbins scores
Batting: RHB Jon Griffin 0-0: Called Strike
0-1: Swinging Strike
0-2: Ground out 6-3 (Groundball, 6, EV 78.1 MPH)
Top of the 2nd over - 1 run, 1 hit, 0 errors, 1 left on base; Los Angeles (NYP) 4 - Staten Island 0
BOTTOM OF THE 2ND
Staten Island Yankees batting - Pitching for Los Angeles (NYP) Angels : RHP Kevin Greene
Batting: SHB Victor Martinez 0-0: Ball
1-0: Called Strike
1-1: Foul Ball, location: 2F
1-2: Ball
2-2: Ground out 6-3 (Groundball, 6, EV 101.9 MPH)
Batting: LHB Jordan Lozoya 0-0: Ball
1-0: Ball
2-0: Ball
3-0: Base on Balls
Batting: LHB Alex Genao 0-0: SINGLE (Line Drive, 8RS, EV 103.1 MPH)
Jordan Lozoya to second
Batting: LHB Gotthold Schneider 0-0: Ball
1-0: Swinging Strike
1-1: Foul Ball, location: 2F
1-2: Fly out, F3 (Line Drive, 3, EV 67.5 MPH)
Lined into DP, 3-6 (Line Drive, 3, EV 72.5 MPH)
Bottom of the 2nd over - 0 runs, 1 hit, 0 errors, 1 left on base; Los Angeles (NYP) 4 - Staten Island 0
TOP OF THE 3RD
Los Angeles (NYP) Angels batting - Pitching for Staten Island Yankees : RHP Isaiah Caldwell
Batting: SHB Conor Davies 0-0: Foul Ball, location: 2F
0-1: Ball
1-1: Foul Ball, location: 2F
1-2: Fly out, F7 (Flyball, 7S, EV 90.0 MPH)
Batting: RHB Jeff Long 0-0: Hit by Pitch
Batting: RHB Tsega Haida 0-0: Ball
1-0: Called Strike
1-1: Called Strike
1-2: Foul Ball, location: 2F
1-2: SINGLE (Line Drive, 78S, EV 97.5 MPH)
Jeff Long to second
Jeff Long to third
Batting: RHB Jason Habeck 0-0: Ball
1-0: Ball
Tsega Haida steals 2nd base
2-0: Foul Ball, location: 2F
2-1: Called Strike
2-2: Ball
3-2: Fly out, F3 (Line Drive, 3, EV 74.4 MPH)
Batting: RHB David Kunze 0-0: Foul Ball, location: 2F
0-1: Foul Ball, location: 2F
0-2: Strikes out swinging
Top of the 3rd over - 0 runs, 1 hit, 0 errors, 2 left on base; Los Angeles (NYP) 4 - Staten Island 0
BOTTOM OF THE 3RD
Staten Island Yankees batting - Pitching for Los Angeles (NYP) Angels : RHP Kevin Greene
Batting: SHB Plácido Barrrenho 0-0: Ball
1-0: Called Strike
1-1: Hit by Pitch
Batting: RHB Gustavo Amparo 0-0: SINGLE (Groundball, 6, EV 95.0 MPH)
Plácido Barrrenho to second
Batting: RHB Tony Saenz 0-0: Ball
1-0: Foul Ball, location: 2F
1-1: Ball
2-1: Foul Ball, location: 2F
2-2: Ball
3-2: Foul Ball, location: 2F
3-2: Base on Balls
Plácido Barrrenho to third
Gustavo Amparo to second
Batting: RHB Andres Valles 0-0: Called Strike
0-1: Foul Ball, location: 2F
0-2: Ball
1-2: Foul Ball, location: 2F
1-2: Ball
2-2: Ball
3-2: Grounds into double play, 4-6-3 (Groundball, 4, EV 86.3 MPH)
Plácido Barrrenho scores
Gustavo Amparo to third
Batting: LHB Ben Roth 0-0: Called Strike
0-1: Fly out, F5 (Popup, 56S, EV 79.4 MPH)
Bottom of the 3rd over - 1 run, 1 hit, 0 errors, 1 left on base; Los Angeles (NYP) 4 - Staten Island 1
TOP OF THE 4TH
Los Angeles (NYP) Angels batting - Pitching for Staten Island Yankees : RHP Isaiah Caldwell
Batting: RHB Zach Robbins 0-0: Called Strike
0-1: Ball
1-1: Fly out, F8 (Flyball, 8LM, EV 81.9 MPH)
Batting: RHB Randy Grewe 0-0: Ball
1-0: Ball
2-0: Swinging Strike
2-1: Ball
3-1: Foul Ball, location: 2F
3-2: Reached on error, E1 (Groundball, 15S, EV 66.3 MPH)
Batting: RHB Steve Hasson 0-0: Ball
1-0: Called Strike
1-1: Ball
2-1: Ball
3-1: Called Strike
3-2: Foul Ball, location: 2F
3-2: Base on Balls
Batting: RHB Jon Griffin 0-0: Called Strike
0-1: Called Strike
0-2: Foul Ball, location: 2F
0-2: Ball
1-2: Strikes out swinging
Batting: SHB Conor Davies 0-0: Ground out 4-3 (Groundball, 34, EV 94.4 MPH)
Top of the 4th over - 0 runs, 0 hits, 1 error, 2 left on base; Los Angeles (NYP) 4 - Staten Island 1
BOTTOM OF THE 4TH
Staten Island Yankees batting - Pitching for Los Angeles (NYP) Angels : RHP Kevin Greene
Batting: SHB Victor Martinez 0-0: Foul Ball, location: 2F
0-1: Fly out, F8 (Flyball, 78D, EV 102.5 MPH)
Batting: LHB Jordan Lozoya 0-0: Called Strike
0-1: Ball
1-1: Foul Ball, location: 2F
1-2: Strikes out swinging
Batting: LHB Alex Genao 0-0: Swinging Strike
0-1: Called Strike
0-2: Ball
1-2: Ball
2-2: Ball
3-2: Foul Ball, location: 2F
3-2: Strikes out swinging
Bottom of the 4th over - 0 runs, 0 hits, 0 errors, 0 left on base; Los Angeles (NYP) 4 - Staten Island 1
TOP OF THE 5TH
Los Angeles (NYP) Angels batting - Pitching for Staten Island Yankees : RHP Isaiah Caldwell
Batting: RHB Jeff Long 0-0: Ball
1-0: Called Strike
1-1: Ball
2-1: Ball
3-1: Ground out 5-3 (Groundball, 5, EV 76.9 MPH)
Batting: RHB Tsega Haida 0-0: Ball
1-0: Ground out 5-3 (Groundball, 5S, EV 64.4 MPH)
Batting: RHB Jason Habeck 0-0: Called Strike
0-1: Ball
1-1: Ball
2-1: Ball
3-1: Base on Balls
Batting: RHB David Kunze 0-0: Called Strike
0-1: Ball
1-1: Ball
2-1: Ground out 5-3 (Groundball, 56S, EV 68.1 MPH)
Top of the 5th over - 0 runs, 0 hits, 0 errors, 1 left on base; Los Angeles (NYP) 4 - Staten Island 1
BOTTOM OF THE 5TH
Staten Island Yankees batting - Pitching for Los Angeles (NYP) Angels : RHP Kevin Greene
Batting: LHB Gotthold Schneider 0-0: Foul Ball, location: 2F
0-1: Called Strike
0-2: Ball
1-2: Ball
2-2: Ball
3-2: Fly out, F8 (Flyball, 8LD, EV 94.4 MPH)
Pitching: LHP Brandon Davis
Batting: SHB Plácido Barrrenho 0-0: Ball
1-0: Foul Ball, location: 2F
1-1: Foul Ball, location: 2F
1-2: Strikes out swinging
Batting: RHB Gustavo Amparo 0-0: Ball
1-0: Called Strike
1-1: Called Strike
1-2: Ground out 6-3 (Groundball, 6, EV 110.0 MPH)
Bottom of the 5th over - 0 runs, 0 hits, 0 errors, 0 left on base; Los Angeles (NYP) 4 - Staten Island 1
TOP OF THE 6TH
Los Angeles (NYP) Angels batting - Pitching for Staten Island Yankees : RHP Isaiah Caldwell
Pitching: RHP Dan Welsh
Batting: RHB Zach Robbins 0-0: Ball
1-0: Ground out 5-3 (Groundball, 56, EV 80.0 MPH)
Batting: RHB Randy Grewe 0-0: Called Strike
0-1: Foul Ball, location: 2F
0-2: Ball
1-2: Ground out 5-3 (Groundball, 56S, EV 64.4 MPH)
Batting: RHB Steve Hasson 0-0: Called Strike
0-1: Ball
1-1: Ground out 5-3 (Groundball, 56, EV 77.5 MPH)
Top of the 6th over - 0 runs, 0 hits, 0 errors, 0 left on base; Los Angeles (NYP) 4 - Staten Island 1
BOTTOM OF THE 6TH
Staten Island Yankees batting - Pitching for Los Angeles (NYP) Angels : LHP Brandon Davis
Batting: RHB Tony Saenz 0-0: Ball
1-0: Foul Ball, location: 2F
1-1: Ball
2-1: Ball
3-1: Called Strike
3-2: Base on Balls
Batting: RHB Andres Valles 0-0: Ball
1-0: Swinging Strike
1-1: Called Strike
1-2: Ball
2-2: Foul Ball, location: 2F
2-2: Strikes out swinging
Pitching: RHP Joe Schuler
Batting: LHB Ben Roth 0-0: Foul Ball, location: 2F
0-1: SINGLE (Groundball, 4M, EV 103.1 MPH) (infield hit)
Tony Saenz to second
Batting: SHB Victor Martinez 0-0: Ball
1-0: Ball
Ben Roth steals 2nd base (no throw)
Tony Saenz steals 3rd base
2-0: Called Strike
2-1: Foul Ball, location: 2F
2-2: Foul Ball, location: 2F
2-2: Ball
3-2: Foul Ball, location: 2F
3-2: 3-RUN HOME RUN (Flyball, 9D, EV 95.0 MPH), Distance : 362 ft
Batting: LHB Jordan Lozoya 0-0: Ball
1-0: Called Strike
1-1: Fly out, F8 (Flyball, 78D, EV 105.6 MPH)
Batting: LHB Alex Genao 0-0: Ball
1-0: Foul Ball, location: 2F
1-1: Hit by Pitch
Batting: LHB Gotthold Schneider Pickoff Throw to First - Error! E1
Alex Genao to second
0-0: Ball
1-0: Ball
2-0: Called Strike
2-1: Swinging Strike
2-2: Strikes out looking
Bottom of the 6th over - 3 runs, 2 hits, 1 error, 1 left on base; Los Angeles (NYP) 4 - Staten Island 4
TOP OF THE 7TH
Los Angeles (NYP) Angels batting - Pitching for Staten Island Yankees : RHP Dan Welsh
Batting: RHB Jon Griffin 0-0: Called Strike
0-1: Called Strike
0-2: Ball
1-2: Strikes out looking
Batting: SHB Conor Davies 0-0: Ball
1-0: Called Strike
1-1: Foul Ball, location: 2F
1-2: Strikes out looking
Batting: RHB Jeff Long 0-0: Called Strike
0-1: Fly out, F7 (Flyball, 7D, EV 101.3 MPH)
Top of the 7th over - 0 runs, 0 hits, 0 errors, 0 left on base; Los Angeles (NYP) 4 - Staten Island 4
BOTTOM OF THE 7TH
Staten Island Yankees batting - Pitching for Los Angeles (NYP) Angels : RHP Joe Schuler
Pitching: LHP Alex Pulido
Batting: SHB Plácido Barrrenho 0-0: Ball
1-0: Ball
2-0: Ball
3-0: Base on Balls
Batting: RHB Gustavo Amparo 0-0: Hit by Pitch
Plácido Barrrenho to second
Batting: RHB Tony Saenz 0-0: Swinging Strike
0-1: Ball
1-1: Ball
2-1: Sac Bunt to 15S - play at first, batter OUT! 1-4
Plácido Barrrenho to third
Gustavo Amparo to second
Batting: RHB Andres Valles 0-0: Intentional Walk
Pinch Hitting: RHB Chris Diaz 0-0: Ball
1-0: Foul Ball, location: 2F
1-1: DOUBLE (Line Drive, 5D, EV 100.0 MPH)
Plácido Barrrenho scores
Gustavo Amparo scores
Andres Valles to third
Runner from 3rd tries for Home, SAFE, no throw by LF
Batting: SHB Victor Martinez 0-0: Called Strike
0-1: Foul Ball, location: 2F
0-2: Foul Ball, location: 2F
0-2: Ball
1-2: SINGLE (Groundball, 6, EV 97.5 MPH)
Chris Diaz to third
Runner from 3rd tries for Home, SAFE, throw by LF to home
Batting: LHB Jordan Lozoya 0-0: Ball
Victor Martinez steals 2nd base
1-0: Ball
2-0: Ball
3-0: Called Strike
3-1: Ground out 6-3 (Groundball, 6, EV 100.0 MPH)
Batting: LHB Alex Genao 0-0: Called Strike
0-1: SINGLE (Groundball, 34D, EV 96.9 MPH) (infield hit)
Victor Martinez to third
Batting: LHB Gotthold Schneider
Pinch Hitting: RHB Bobby Arteaga 0-0: Ball
1-0: Foul Ball, location: 2F
1-1: Ball
2-1: Foul Ball, location: 2F
2-2: Ball
3-2: Base on Balls
Alex Genao to second
Batting: SHB Plácido Barrrenho 0-0: Called Strike
0-1: Ball
1-1: SINGLE (Flyball, 8RS, EV 90.6 MPH)
Victor Martinez scores
Alex Genao to third
Bobby Arteaga to second
Runner from 3rd tries for Home, SAFE, throw by CF to home
Batting: RHB Gustavo Amparo 0-0: Foul Ball, location: 2F
0-1: Ball
1-1: Ball
2-1: Ball
3-1: Base on Balls
Bobby Arteaga to third
Plácido Barrrenho to second
Batting: RHB Tony Saenz 0-0: Fielders Choice at 2nd, 5-4 (Groundball, 56, EV 83.1 MPH)
Bottom of the 7th over - 6 runs, 4 hits, 0 errors, 3 left on base; Los Angeles (NYP) 4 - Staten Island 10
TOP OF THE 8TH
Los Angeles (NYP) Angels batting - Pitching for Staten Island Yankees : RHP Dan Welsh
Now at 1B: Jordan Torres
Now in CF: Chris Diaz
Batting: RHB Tsega Haida 0-0: Ball
1-0: Ball
2-0: Ball
3-0: Called Strike
3-1: Foul Ball, location: 2F
3-2: Base on Balls
Batting: RHB Jason Habeck 0-0: Ball
1-0: Fielders Choice at 2nd, 4-6 (Groundball, 4, EV 104.4 MPH)
Batting: RHB David Kunze 0-0: Ball
1-0: Ball
2-0: Called Strike
2-1: Called Strike
2-2: Strikes out swinging
Batting: RHB Zach Robbins 0-0: Called Strike
0-1: Fielders Choice at 2nd, 6-4 (Groundball, 6, EV 86.3 MPH)
Top of the 8th over - 0 runs, 0 hits, 0 errors, 1 left on base; Los Angeles (NYP) 4 - Staten Island 10
BOTTOM OF THE 8TH
Staten Island Yankees batting - Pitching for Los Angeles (NYP) Angels : LHP Alex Pulido
Batting: RHB Andres Valles 0-0: Ball
1-0: Called Strike
1-1: DOUBLE (Line Drive, 78XD, EV 96.3 MPH)
Batting: RHB Chris Diaz 0-0: Fly out, F6 (Flyball, 5D, EV 92.5 MPH)
Batting: SHB Victor Martinez 0-0: Ball
1-0: Ball
2-0: Foul Ball, location: 2F
2-1: Ball
3-1: Called Strike
3-2: Foul Ball, location: 2F
3-2: Base on Balls
Batting: LHB Jordan Lozoya 0-0: Called Strike
0-1: Grounds into double play, 4-6-3 (Groundball, 4, EV 103.8 MPH)
Bottom of the 8th over - 0 runs, 1 hit, 0 errors, 1 left on base; Los Angeles (NYP) 4 - Staten Island 10
TOP OF THE 9TH
Los Angeles (NYP) Angels batting - Pitching for Staten Island Yankees : RHP Dan Welsh
Batting: RHB Randy Grewe 0-0: Ball
1-0: Ball
2-0: Ground out 4-3 (Groundball, 4D, EV 108.1 MPH)
Batting: RHB Steve Hasson 0-0: Called Strike
0-1: Ball
1-1: Ball
2-1: Ball
3-1: Called Strike
3-2: Fly out, F9 (Flyball, 9, EV 90.0 MPH)
Batting: RHB Jon Griffin 0-0: Ball
1-0: Fly out, F9 (Flyball, 89M, EV 88.1 MPH)
Top of the 9th over - 0 runs, 0 hits, 0 errors, 0 left on base; Los Angeles (NYP) 4 - Staten Island 10
Thursday, March 31st , 2022 - OOTP Baseball 22.12 Build 89